 Dungeon Crawl Stone Soup version 0.25-a0-353-ged6d54792d (webtiles) character file.

Game seed: 3104443323424644829, levelgen mode: deterministic

870 Conn the Firebug (level 8, -2/54 HPs)
             Began as an Octopode Fire Elementalist on Jan 2, 2020.
             Was a Follower of Sif Muna.
             Slain by a crocodile (13 damage)
             ... on level 6 of the Dungeon.
             The game lasted 00:21:29 (6009 turns).

Conn the Firebug (Octopode Fire Elementalist)       Turns: 6009, Time: 00:21:30

Health: -2/54      AC:  1    Str:  9    XL:     8   Next: 3%
Magic:  10/12      EV: 14    Int: 23    God:    Sif Muna [*.....]
Gold:   274        SH:  6    Dex: 13    Spells: 6/13 levels left

rFire    . . .     SeeInvis .   a - +1 short sword (speed)
rCold    . . .     Gourm    .   s - +2 buckler
rNeg     . . .     Faith    .   (helmet restricted)
rPois    .         Spirit   .   (no amulet)
rElec    .         Reflect  .   c - ring of protection from magic
rCorr    .         Harm     .   u - +6 ring of intelligence
MR       +....                  (no ring)
Stlth    +++.......             (no ring)
HPRegen  0.18/turn              (no ring)
MPRegen  0.13/turn              (no ring)
                                (no ring)
                                (no ring)

@: no status effects
A: almost no armour, stealthy swim, amphibious, 8 rings, constrict 8, camouflage
1, gelatinous body 1
a: Channel Magic, Renounce Religion


You were on level 6 of the Dungeon.
You worshipped Sif Muna.
Sif Muna was aware of your devotion.
You were hungry.

You visited 2 branches of the dungeon, and saw 7 of its levels.

You collected 274 gold pieces.

Inventory:

Hand Weapons
 a - a +1 short sword of speed (weapon)
 b - a +2 hunting sling of velocity
 d - a +1 trident of holy wrath
Missiles
 g - 164 stones (quivered)
 h - a throwing net
 n - 22 poisoned darts
 v - 5 sling bullets
Armour
 s - a +2 buckler (worn)
Jewellery
 c - a ring of protection from magic (left tentacle)
 u - a +6 ring of intelligence (right tentacle)
Scrolls
 e - 2 scrolls of teleportation
 i - 3 scrolls of remove curse {unknown}
 k - 8 scrolls of identify
 p - a scroll of amnesia {unknown}
Potions
 o - a potion of curing
 t - a potion of might {unknown}
Comestibles
 f - 13 rations


   Skills:
 * Level 3.7 Fighting
 + Level 1.8 Short Blades
 * Level 4.0 Slings
 + Level 2.9 Dodging
 + Level 3.7 Stealth
 * Level 2.2 Shields
 + Level 3.2 Spellcasting
 + Level 2.5 Conjurations
 + Level 4.1 Fire Magic


You had 6 spell levels left.
You knew the following spells:

 Your Spells              Type           Power        Failure   Level  Hunger
a - Foxfire               Conj/Fire      ###.         3%          1    None
b - Conjure Flame         Conj/Fire      ###.....     11%         3    ###....
c - Inner Flame           Hex/Fire       ##......     19%         3    ###....

Your spell library contained the following spells:

 Spells                   Type           Power        Failure   Level  Hunger
 Sticky Flame             Conj/Fire      ###.....     34%         4    ####...
 Fireball                 Conj/Fire      ###.......   69%         5    ######.


Dungeon Overview and Level Annotations

Branches:
Dungeon (6/15)             Temple (1/1) D:5

Altars:
Cheibriados
Gozag
Kikubaaqudgha
Nemelex Xobeh
Okawaru
Sif Muna
Vehumet
Wu Jian


Innate Abilities, Weirdness & Mutations

You cannot wear most types of armour.
You are very stealthy in the water. (Stealth+)
You are amphibious.
You can wear up to eight rings at the same time.
You can use your tentacles to constrict eight enemies at once.
Your skin changes colour to match your surroundings (Stealth+).
Your rubbery body absorbs attacks. (AC +1, EV +1)


Message History

The crocodile is severely wounded.
You feel a little less clever now. The crocodile closely misses you.
You closely miss the crocodile.
The crocodile is severely wounded.
You closely miss the crocodile.
The crocodile is severely wounded.
The crocodile bites you!
* * * LOW HITPOINT WARNING * * *
You feel much better. The crocodile bites you.
Casting: Foxfire (safe; 3% risk of failure)
Confirm with . or Enter, or press ? or * to list all spells.
You conjure some foxfire!
The crocodile bites you!
* * * LOW HITPOINT WARNING * * *
The foxfire hits the crocodile.
The crocodile is almost dead.
The foxfire hits the crocodile but does no damage.
The crocodile is almost dead.
The crocodile bites you!
You die...

#........#
#........#
#........#
..#####.########
..........#
........#.######
.######.....>..#
#.....§..#
#...t@§<.#
#........#
##########


You could see a crocodile.

Vanquished Creatures
  A sky beast (D:6)
  A big kobold (D:5)
  2 bullfrogs (D:6)
  A scorpion (D:4)
  2 crimson imps
  2 hounds
  3 iguanas
  2 orc wizards (D:5)
  2 worker ants (D:5)
  A hound skeleton (D:4)
  A worker ant zombie (D:5)
  A gnoll (D:5)
  6 adders
  An ooze (D:1)
  An adder skeleton (D:5)
  3 worms
  3 dart slugs (D:1)
  6 leopard geckos
  11 orcs
  4 ball pythons
  7 giant cockroaches
  10 goblins
  10 hobgoblins
  7 jackals
  5 quokkas
  A ball python skeleton (D:4)
  6 bats
  4 frilled lizards
  6 kobolds
  A leopard gecko skeleton (D:5)
  A quokka skeleton (D:4)
  5 rats
117 creatures vanquished.

Vanquished Creatures (others)
  218 foxfires
218 creatures vanquished.

Grand Total: 335 creatures vanquished

Notes
Turn   | Place    | Note
-------+----------+-------------------------------------------
     0 | D:1      | Conn the Octopode Fire Elementalist began the quest for the
                  | Orb.
     0 | D:1      | Reached XP level 1. HP: 11/11 MP: 3/3
   241 | D:1      | Reached XP level 2. HP: 9/17 MP: 0/5
   288 | D:2      | Found a snail-covered altar of Cheibriados.
   839 | D:2      | Reached XP level 3. HP: 21/21 MP: 6/6
  1490 | D:2      | Found an iron altar of Okawaru.
  1492 | D:2      | Found an ancient bone altar of Kikubaaqudgha.
  1845 | D:1      | Reached XP level 4. HP: 21/27 MP: 5/7
  1977 | D:1      | Reached skill level 1 in Slings
  1983 | D:1      | You fall into a shaft and drop 1 floor!
  2076 | D:1      | Reached skill level 1 in Fighting
  2728 | D:3      | Learned a level 3 spell: Conjure Flame
  2732 | D:3      | Learned a level 3 spell: Inner Flame
  3420 | D:4      | Reached XP level 5. HP: 13/34 MP: 0/8
  4129 | D:4      | Reached XP level 6. HP: 39/39 MP: 10/10
  4230 | D:4      | Found a radiant altar of Vehumet.
  4519 | D:4      | Found an opulent altar of Gozag.
  4633 | D:5      | Entered Level 5 of the Dungeon
  4635 | D:5      | Found a sparkling altar of Nemelex Xobeh.
  4697 | D:5      | Found a staircase to the Ecumenical Temple.
  4741 | D:5      | Reached skill level 1 in Shields
  4899 | Temple   | Entered the Ecumenical Temple
  4902 | Temple   | Became a worshipper of Sif Muna the Loreminder
  4953 | D:5      | Reached skill level 1 in Short Blades
  4955 | D:5      | Reached XP level 7. HP: 14/45 MP: 8/11
  5553 | D:5      | Reached * piety under Sif Muna
  5954 | D:6      | Reached XP level 8. HP: 21/54 MP: 6/12
  5996 | D:6      | HP: 1/54 [crocodile (13)]
  6009 | D:6      | Slain by a crocodile

Levels and vault maps discovered:
D:1:      dpeg_arrival_erosion, layout_basic, st_stairs_9
D:2:      layout_basic, grunt_temple_overflow_open, cheibriados_altar_1
D:3:      layout_basic, first_ration
D:4:      layout_loops_corners, nicolae_overflow_hidden_temple,
          nicolae_gozag_seed_capital
D:5:      layout_cave_pools, nemelex_xobeh_ov_fountains_minmay,
          minmay_temple_entry_slanted, serial_column_ruins, column_ruins_hut,
          column_ruins_hut, column_ruins_open_tiny, column_ruins_open_medium,
          column_ruins_grid_1, column_ruins_columns_straight,
          column_ruins_open_tiny, sigmund_army
D:6:      layout_rooms, nicolae_ru_sacrificial_ziggurat
Temple:   nicolae_temple_hex_pool

Skill      XL: |  1  2  3  4  5  6  7 |
---------------+----------------------+-----
Slings         | 1 2 4 |  4.0
Fighting       | 2 3 |  3.7
Conjurations   | 2 |  2.5
Stealth        | 3 |  3.7
Shields        | 1 2 |  2.2
Short Blades   | 1 |  1.8
Spellcasting   | 3 |  3.2
Fire Magic     | 4 |  4.1
Dodging        | |  2.9

Action                   |  1- 3 |  4- 6 |  7- 9 || total
-------------------------+-------+-------+-------++-------
Melee: Unarmed           |    14 |       |       ||    14
       Constrict         |     4 |    15 |     5 ||    24
       Tentacles         |     1 |     9 |     6 ||    16
       Short sword       |       |    66 |    41 ||   107
 Fire: Hunting sling     |     9 |    28 |    32 ||    69
 Cast: Foxfire           |    46 |    78 |    20 ||   144
  Use: Potion            |     1 |     1 |     5 ||     7
       Scroll            |       |     5 |       ||     5
 Stab: Sleeping          |       |     3 |     4 ||     7
       Invisible         |       |     2 |     1 ||     3
  Eat: Chunk             |     3 |    10 |     3 ||    16
Armor: Skin              |     8 |     8 |    11 ||    27
Dodge: Dodged            |    60 |    81 |    37 ||   178
Block: Buckler           |       |    23 |    21 ||    44

Table legend:
 A = Non-vault XP
 B = Vault XP
 C = Vault XP percentage of total XP
 D = Non-vault monster count
 E = Vault monster count
 F = Vault count percentage of total count
                 A         B        C        D         E       F
            +---------+---------+-------+---------+---------+-------
      Total |    1211 |      33 |   2.7 |     109 |       8 |   6.8
            +---------+---------+-------+---------+---------+-------
        D:1 |      59 |       7 |  10.6 |      28 |       3 |   9.7
        D:2 |      61 |       0 |   0.0 |      19 |       0 |   0.0
        D:3 |      15 |       0 |   0.0 |       9 |       0 |   0.0
        D:4 |     212 |       0 |   0.0 |      20 |       0 |   0.0
        D:5 |     488 |      26 |   5.1 |      27 |       5 |  15.6
        D:6 |     376 |       0 |   0.0 |       6 |       0 |   0.0
            +---------+---------+-------+---------+---------+-------
